← All builds
Suicide front / Legion / Quick factory / OBSERVED BUILD

Standard suicide front

Quick Bot Lab into Vehicle Plant to project force at middle early with Ballista, Satyr, Decurion and Lance, transitioning into Barrage artillery and an Advanced Metal Extractor as the game develops.

#rush #raid · 26 distinct matches · 14 players · 79% of Legion Suicide front games · team won 50% of 26 · Recently observed

HOW TO PLAY IT

Key timing: Legion Vehicle Plant by 1:01

  1. Take a single mex and rush the bot lab immediately.
  2. Finish the bot lab fast to start early Decurion or Ballista pushes.
  3. Get the vehicle plant up to widen unit options for the front.
  4. Contest the middle early and expect combat losses right away.
  5. Pick up T2 constructor once middle is stabilized to prep for T2 arrivals.

Phase by phase

TYPICAL OF ITS 26 GAMES
  1. 1
  2. 2
  3. 3
PLAY THE OPENING

Follow the example game's first 6:00 step by step: what to build now, what comes next, and where it goes. At 1× it keeps pace with your own game.

  1. 1

    Up to the Legion Bot Lab

    Economy
    • Metal Extractor1Mex
    Order
    1. Legion Bot LabLegion Bot Lab after 2 mexdone ~0:34, middle half 0:20–0:35

    By 0:17 in all: 1 mex

    The example game in this phase · 2 steps
    1. Mex
    2. PharosPharos
  2. 2

    Legion Bot Lab to 5:00

    Economy
    • Metal Extractor5Mex
    • Wind Turbine7Wind
    Builders
    • Construction Turret1 Con turret
    • Legion Construction Bot3 Legion Construction Bot
    • Zagreus2 Zagreus
    Army
    • Pharos4 Pharos
    Other
    • Radar Tower1 Radar Tower

    Some games also: Ballista (42%) · Goblin (38%) · Satyr (38%) · Legion Construction Vehicle (35%) · Barrage (31%)

    By 5:00 in all: 6 mex · 8 wind · 1 con turret

    The example game in this phase · 32 steps
    1. Mex
    2. Legion Vehicle PlantLegion Vehicle Plantdone 1:01 · typical 1:01
    3. WheelieWheelie
    4. Legion Construction VehicleLegion Construction Vehicle
    5. Radar TowerRadar Tower
    6. DecurionDecurion
    7. Mex ×2
    8. Legion Construction VehicleLegion Construction Vehicle
    9. PharosPharos
    10. Mex
    11. PharosPharos
    12. Legion Construction VehicleLegion Construction Vehicle
    13. BarrageBarrage
    14. Wind
    15. DecurionDecurion
    16. Mex ×2
    17. PharosPharos
    18. Wind
    19. BarrageBarrage
    20. PharosPharos
    21. Wind
    22. WheelieWheelie
    23. AlarisAlaris
    24. Con turret
    25. AlarisAlaris
    26. Wind
    27. AlarisAlaris
    28. Wind
    29. AlarisAlaris ×3
    30. Wind
    31. AlarisAlaris ×4
    32. Wind
  3. 3

    5:00 to 10:00

    Economy
    • Metal Extractor2Mex
    • Wind Turbine17Wind
    • Energy Storage1Energy storage
    Builders
    • Construction Turret3 Con turret

    Some games also: Zagreus (46%) · Radar Tower (42%) · converter (38%) · Ballista (38%) · Pharos (35%)

    By 10:00 in all: 8 mex · 25 wind · 1 energy storage · 4 con turret

    The example game in this phase · 114 steps
    1. Wind
    2. HiveHive
    3. Legion DroneLegion Drone
    4. Wind
    5. Legion DroneLegion Drone ×2
    6. HiveHive
    7. Legion DroneLegion Drone ×2
    8. Wind
    9. HiveHive
    10. Legion DroneLegion Drone ×5
    11. PharosPharos
    12. Wind
    13. Legion DroneLegion Drone ×4
    14. Mex
    15. Energy storage
    16. Legion DroneLegion Drone ×2
    17. Mex
    18. PharosPharos
    19. Wind
    20. Legion DroneLegion Drone
    21. CacophonyCacophony
    22. Legion DroneLegion Drone
    23. Wind
    24. AlarisAlaris ×4
    25. Wind
    26. AlarisAlaris ×2
    27. Advanced Metal ExtractorT2 mexdone 8:33 · typical 8:45
    28. AlarisAlaris
    29. HiveHive
    30. AlarisAlaris
    31. Wind
    32. AlarisAlaris
    33. Wind
    34. Legion Construction VehicleLegion Construction Vehicle
    35. Legion DroneLegion Drone ×4
    36. Wind
    37. Legion DroneLegion Drone
    38. CetusCetus
    39. Legion DroneLegion Drone
    40. CetusCetus
    41. Wind
    42. CetusCetus
    43. Wind
    44. CetusCetus
    45. Wind
    46. Advanced Metal ExtractorT2 mex
    47. Wind
    48. CetusCetus
    49. Wind ×4
    50. Legion Construction VehicleLegion Construction Vehicle
    51. Advanced Metal ExtractorT2 mex
    52. Wind ×2
    53. LanceLance
    54. Con turret
    55. Wind
    56. LanceLance
    57. Wind ×2
    58. LanceLance
    59. Wind
    60. LanceLance
    61. Legion DroneLegion Drone
    62. LanceLance
    63. Wind
    64. Legion DroneLegion Drone
    65. CetusCetus
    66. WheelieWheelie ×3
    67. Wind
    68. Legion DroneLegion Drone
    69. WheelieWheelie ×4
    70. Wind
    71. WheelieWheelie ×3
    72. Wind
    73. WheelieWheelie ×2
    74. Legion DroneLegion Drone
    75. WheelieWheelie
    76. Wind
    77. Legion DroneLegion Drone
    78. WheelieWheelie
    79. Legion DroneLegion Drone
    80. WheelieWheelie
    81. Wind
    82. Legion DroneLegion Drone
    83. WheelieWheelie
    84. Wind
    85. WheelieWheelie ×2
    86. Wind
    87. WheelieWheelie ×2
    88. Legion Construction VehicleLegion Construction Vehicle
    89. Wind
    90. Legion Construction VehicleLegion Construction Vehicle
    91. Advanced Metal ExtractorT2 mex
    92. Wind
    93. Legion Construction VehicleLegion Construction Vehicle
    94. Wind
    95. LanceLance
    96. Wind
    97. LanceLance
    98. Wind
    99. LanceLance ×2
    100. Wind
    101. LanceLance
    102. WheelieWheelie
    103. Advanced Metal ExtractorT2 mex
    104. WheelieWheelie ×2
    105. Wind
    106. WheelieWheelie ×5
    107. Wind
    108. WheelieWheelie ×5
    109. Wind
    110. WheelieWheelie ×5
    111. Wind
    112. WheelieWheelie ×6
    113. Wind
    114. WheelieWheelie

Counts are medians over the build's games: half of them build more, half fewer. The example game is IMostlyComDrop's (36 OS, 22/08/2026); pick another.

Team trades

IN AT LEAST 30% OF ITS GAMES

You hand over

Nothing regular.

You get

  • Tidal Generator4 Tidal from Pondfirst at 0:11 · in 69% of games
  • Advanced Construction Bot1 T2 con bot from Geo or Techfirst at 7:31 · in 54% of games

How it plays out

Typical game of this build, running totals by minute

Metal produced

010k20k30k
0:005:0010:0015:00

metal

Enemy metal destroyed

05k10k
0:005:0010:0015:00

metal

Own metal lost

05k10k
0:005:0010:0015:00

metal

26 games.

Show as table
ByMetal produced: This buildEnemy metal destroyed: This buildOwn metal lost: This build
1:0024900
2:0087900
3:00204220360
4:003176484320
5:0042971154788
6:00526718041130
7:00619125412201
8:00749140053250
9:00877445374000
10:001049947444506
11:001232249825031
12:001458453036112
13:001742860647159
14:002039474937635
15:002406490817997
WHAT THE NUMBERS SAY

Suicide front trades heavily, destroying more enemy metal early than any other role shown but also losing the most, reflecting its all-in nature.

  • + Enemy metal destroyed hits 1253 by 5:00, far ahead of other roles at that mark.
  • + Metal produced by 5:00 reaches 4185, among the highest early figures.
  • − Own metal lost reaches 5320 by 10:00, the heaviest losses of any build shown.
  • − Team win rate is only 48%, despite the aggressive early trades.
THE EXAMPLE YOU ARE READING

IMostlyComDrop

36.3 OS · 22/08/2026

Open source match ↗

6 received units · includes a constructor
332 metal received · 51223 energy received

Allied construction assistance is unknown. Timings are observations, not a promise of solo reproducibility.

Typical milestones

Legion Bot Lab0:34Middle 50%: 0:20–0:35 · n=17
Legion Vehicle Plant1:01Middle 50%: 0:36–6:33 · n=16
Advanced Metal Extractor8:45Middle 50%: 8:17–9:33 · n=13

Played most by

_X_8games of this build[crd]sisa4games of this build[Cookie]Maco2games of this buildyubiyubi2games of this buildBoozha1game of this build